 Dungeon Crawl Stone Soup version 0.21-a0-498-g1b60429 (webtiles) character file.

100 rocketpapaya the Ducker (level 4, 21/41 HPs)
             Began as a Gnoll Wanderer on Nov 24, 2017.
             Got out of the dungeon alive.
             The game lasted 00:04:49 (1995 turns).

rocketpapaya the Ducker (Gnoll Wanderer)            Turns: 1995, Time: 00:04:50

Health: 21/41      AC:  6    Str: 13    XL:     4   Next: 74%
Magic:  5/5        EV: 15    Int: 17    God:
Gold:   82         SH:  0    Dex: 14    Spells: 5/5 levels left

rFire    . . .     SeeInvis .   b - +0 falchion
rCold    . . .     Gourm    .   (no shield)
rNeg     . . .     Faith    .   a - +2 leather armour
rPois    +         Spirit   .   (no helmet)
rElec    .         Reflect  .   (no cloak)
rCorr    .         Harm     .   q - +0 pair of gloves (curse)
MR       .....                  (no boots)
Stlth    ++........             (no amulet)
HPRegen  0.13/turn              l - ring of poison resistance
MPRegen  0.09/turn              (no ring)

@: no status effects
A: distributed training, fangs 1, strong nose
a: no special abilities


You escaped.
You were hungry.

You visited 1 branch of the dungeon, and saw 3 of its levels.

You collected 82 gold pieces.

Inventory:

Hand Weapons
 b - a +0 falchion (weapon)
 e - a +0 blowgun
Missiles
 g - 22 sling bullets
 i - 75 poisoned needles
 k - 28 stones (quivered)
Armour
 a - a +2 leather armour (worn)
 q - a cursed +0 pair of gloves (worn)
Jewellery
 l - a ring of poison resistance (left hand)
Scrolls
 c - 2 scrolls of teleportation
 j - 4 scrolls of identify {unknown}
 m - 4 scrolls of remove curse {unknown}
 p - a scroll of blinking {unknown}
 s - a scroll of fear {unknown}
Potions
 h - a potion of curing {unknown}
 o - a potion of degeneration {unknown}
Comestibles
 d - 2 bread rations
 f - 4 fruits
 n - a royal jelly


   Skills:
 + Level 6.6 Fighting
 + Level 1.2 Short Blades
 + Level 2.8 Long Blades
 + Level 1.2 Axes
 + Level 1.2 Maces & Flails
 + Level 1.2 Polearms
 + Level 1.2 Staves
 + Level 1.2 Slings
 + Level 1.2 Bows
 + Level 1.2 Crossbows
 + Level 4.6 Throwing
 + Level 1.2 Armour
 + Level 6.6 Dodging
 + Level 2.6 Stealth
 + Level 1.2 Shields
 + Level 1.2 Unarmed Combat
 + Level 1.2 Spellcasting
 + Level 1.0 Conjurations
 + Level 1.0 Hexes
 + Level 1.0 Charms
 + Level 1.0 Summonings
 + Level 1.0 Necromancy
 + Level 1.0 Translocations
 + Level 1.0 Transmutations
 + Level 1.0 Fire Magic
 + Level 1.0 Ice Magic
 + Level 1.0 Air Magic
 + Level 1.0 Earth Magic
 + Level 1.0 Poison Magic
 + Level 1.3 Invocations
 + Level 1.2 Evocations


You had 5 spell levels left.
You didn't know any spells.

Dungeon Overview and Level Annotations

Branches:
Dungeon (3/15)

Altars:


Innate Abilities, Weirdness & Mutations

Your experience applies equally to all skills.
You have very sharp teeth.
Your uncanny sense of smell can sniff out nearby items.


Message History

(D) Dungeon
Where to? (Enter - D:3, ? - help)
There is an escape hatch in the ceiling here.
A mysterious force pulls you upwards. The hatch slams shut behind you.
(D) Dungeon
Where to? (Enter - D:2, ? - help)
You open the door.
There is an open door here.
You are feeling hungry.
There is an open door here.
(D) Dungeon
Where to? (Enter - D:1, ? - help)
There is a stone staircase leading up here.
You climb upwards.
There is a stone staircase leading down here.
There is a staircase leading out of the dungeon here.
Are you sure you want to leave the Dungeon?
This will make you lose the game!
Uppercase [Y]es or [N]o only, please.
Are you sure you want to leave the Dungeon?
This will make you lose the game!
You have escaped!

...#.#.######## #.#
#......# .....#.# ####.#
#......# ...###.#
#....####......# .#.###.#
#.##...........# .#.....#
#.#.#.###......#
.#..######
##.....##.#######
.#...#...# #..P.P..#.#
.#.#.#.#.# #.......#.#
.......#.# #...@...#.#
...#.###.####.......#.#
####.#......#..P.P..#.###
#.#.#.##.##.....##...#
#.#.#.##.#....####.#.#
#.#.#.##.#.....# #.#.#
#...#.##.##.##.#####.#
########.##.##.......)..#
.......#.##.##.##.#######


There were no monsters in sight!

Vanquished Creatures
  An adder (D:3)
  An adder zombie (D:2)
  2 dart slugs
  A leopard gecko (D:1)
  An orc (D:3)
  A bat (D:2)
  6 goblins
  3 hobgoblins
  3 quokkas
  4 frilled lizards
  6 kobolds
  9 rats
38 creatures vanquished.

Vanquished Creatures (others)
  An ogre (D:3)
  A plant (D:3)
2 creatures vanquished.

Grand Total: 40 creatures vanquished

Notes
Turn   | Place    | Note
-------+----------+-------------------------------------------
     0 | D:1      | rocketpapaya the Gnoll Wanderer began the quest for the Orb.
     0 | D:1      | rocketpapaya set off with: a +2 leather armour, a +0 falchion, a scroll of teleportation, a bread ration
     0 | D:1      | Reached XP level 1. HP: 23/23 MP: 1/1
   249 | D:1      | Reached XP level 2. HP: 28/29 MP: 2/2
   958 | D:2      | Reached XP level 3. HP: 35/35 MP: 3/3
  1693 | D:3      | Reached skill level 1 in Invocations
  1726 | D:3      | Noticed an ogre
  1745 | D:3      | Killed an ogre
  1745 | D:3      | Reached skill level 1 in Short Blades
  1745 | D:3      | Reached skill level 1 in Axes
  1745 | D:3      | Reached skill level 1 in Maces & Flails
  1745 | D:3      | Reached skill level 1 in Polearms
  1745 | D:3      | Reached skill level 1 in Staves
  1745 | D:3      | Reached skill level 1 in Slings
  1745 | D:3      | Reached skill level 1 in Bows
  1745 | D:3      | Reached skill level 1 in Crossbows
  1745 | D:3      | Reached skill level 1 in Armour
  1745 | D:3      | Reached skill level 1 in Shields
  1745 | D:3      | Reached skill level 1 in Unarmed Combat
  1745 | D:3      | Reached skill level 1 in Spellcasting
  1745 | D:3      | Reached skill level 1 in Conjurations
  1745 | D:3      | Reached skill level 1 in Hexes
  1745 | D:3      | Reached skill level 1 in Charms
  1745 | D:3      | Reached skill level 1 in Summonings
  1745 | D:3      | Reached skill level 1 in Necromancy
  1745 | D:3      | Reached skill level 1 in Translocations
  1745 | D:3      | Reached skill level 1 in Transmutations
  1745 | D:3      | Reached skill level 1 in Fire Magic
  1745 | D:3      | Reached skill level 1 in Ice Magic
  1745 | D:3      | Reached skill level 1 in Air Magic
  1745 | D:3      | Reached skill level 1 in Earth Magic
  1745 | D:3      | Reached skill level 1 in Poison Magic
  1745 | D:3      | Reached skill level 1 in Evocations
  1745 | D:3      | Reached XP level 4. HP: 41/41 MP: 5/5
  1852 | D:3      | Noticed a phantom
  1995 | D:$      | Got out of the dungeon alive.

Vault maps used:
D:1:      dpeg_arrival_orchard
D:2:      serial_bayou_pond_e
D:3:      serial_bayou, serial_bayou_shore_b, serial_bayou_pond_a,
          serial_bayou_lake_a, serial_bayou_pond_b

Skill      XL: |  1  2  3 |
---------------+----------+-----
Invocations    | 1 |  1.3
Short Blades   | 1 |  1.2
Axes           | 1 |  1.2
Maces & Flails | 1 |  1.2
Polearms       | 1 |  1.2
Staves         | 1 |  1.2
Slings         | 1 |  1.2
Bows           | 1 |  1.2
Crossbows      | 1 |  1.2
Armour         | 1 |  1.2
Shields        | 1 |  1.2
Unarmed Combat | 1 |  1.2
Spellcasting   | 1 |  1.2
Conjurations   | 1 |  1.0
Hexes          | 1 |  1.0
Charms         | 1 |  1.0
Summonings     | 1 |  1.0
Necromancy     | 1 |  1.0
Translocations | 1 |  1.0
Transmutations | 1 |  1.0
Fire Magic     | 1 |  1.0
Ice Magic      | 1 |  1.0
Air Magic      | 1 |  1.0
Earth Magic    | 1 |  1.0
Poison Magic   | 1 |  1.0
Evocations     | 1 |  1.2
Fighting       | |  6.6
Long Blades    | |  2.8
Throwing       | |  4.6
Dodging        | |  6.6
Stealth        | |  2.6

Action                   |  1- 3 |  4- 6 || total
-------------------------+-------+-------++-------
Melee: Falchion          |    86 |    46 ||   132
       Bite              |     8 |     4 ||    12
  Use: Potion            |     2 |       ||     2
 Stab: Sleeping          |     6 |     1 ||     7
       Invisible         |     2 |     1 ||     3
  Eat: Chunk             |     3 |       ||     3
Armor: Leather armour    |    20 |     9 ||    29
Dodge: Dodged            |    68 |    35 ||   103
       Rpst.: Falchion   |    25 |     9 ||    34

Table legend:
 A = Spawn XP
 B = Non-spawn XP
 C = Spawn XP percentage of total XP
 D = Spawn monster count
 E = Non-spawn monster count
 F = Spawn count percentage of total count
 G = Total turns spent on level
                    A         B        C        D         E        F      G
               +---------+---------+-------+---------+---------+-------+---------
         Total |       0 |     144 |   0.0 |       0 |      39 |   0.0 |  1995
               +---------+---------+-------+---------+---------+-------+---------
           D:1 |       0 |      19 |   0.0 |       0 |      11 |   0.0 |   854
           D:2 |       0 |      27 |   0.0 |       0 |      16 |   0.0 |   840
           D:3 |       0 |      98 |   0.0 |       0 |      12 |   0.0 |   301
               +---------+---------+-------+---------+---------+-------+---------
